 Dungeon Crawl Stone Soup version 0.31-a0-175-g9f7f995f2b (webtiles) character file.

Game seed: 8400549362052944568

107 qw the Shooter (level 4, -1/28 HPs)
             Began as a Gargoyle Hunter on June 16, 2023.
             Slain by an iguana (7 damage)
             ... on level 3 of the Dungeon.
             The game lasted 00:00:48 (2311 turns).

qw the Shooter (Gargoyle Hunter)                    Turns: 2311, Time: 00:00:48

Health: -1/28      AC: 12    Str: 14    XL:     4   Next: 86%
Magic:  0/4        EV: 10    Int: 10    God:
Gold:   158        SH:  0    Dex: 15    Spells: 3/3 levels left

rFire   . . .        Y - +0 orcbow
rCold   . . .        (shield currently unavailable)
rNeg    + . .        j - +0 ring mail
rPois   inf          (no helmet)
rElec   +            e - +0 cloak
rCorr   .            a - +2 pair of gloves
SInv    .            (no boots)
Will    .....        d - amulet of guardian spirit
Stlth   +            (no ring)
HPRegen 0.24/turn    (no ring)
MPRegen 0.09/turn

%: guardian spirit
@: no status effects
A: sickness immunity, AC +3, negative energy resistance 1, electricity
resistance, torment resistance 1, petrification resistance
a: no special abilities


You were on level 3 of the Dungeon.
You visited 1 branch of the dungeon, and saw 4 of its levels.

You collected 158 gold pieces.


Innate Abilities, Weirdness & Mutations

You are immune to sickness and miasma.
Your stone body is resilient. (AC +3)
You are immune to poison.
You resist negative energy. (rN+)
You are resistant to electric shocks. (rElec)
You are resistant to unholy torment.
You are immune to petrification.


   Skills:
 - Level 3.0 Fighting
 + Level 5.6 Ranged Weapons
 - Level 1.0 Armour
 - Level 1.5 Dodging
 - Level 1.1 Stealth


You had 3 spell levels left.
You didn't know any spells.
Your spell library was empty.

Inventory:

Hand Weapons
 Y - a +0 orcbow (weapon)
Armour
 a - a +2 pair of gloves (worn)
 e - a +0 cloak (worn)
 j - a +0 ring mail (worn)
Jewellery
 d - an amulet of guardian spirit (around neck)
Scrolls
 l - a scroll of identify
Potions
 b - a potion of haste {unknown}
 f - a potion of cancellation {unknown}
 g - a potion of lignification
 h - a potion of degeneration {unknown}

Dungeon Overview and Level Annotations

Branches:
Dungeon (4/15)
 Temple: D:4-7

Altars:
Ashenzari
Uskayaw


Message History

The adder barely misses you. The iguana closely misses you.
You shoot an arrow. The arrow closely misses the iguana.
The adder bites you.
The iguana bites you but does no damage.
The adder barely misses you.
You shoot an arrow. The arrow hits the iguana.
The iguana is moderately wounded.
The adder bites you but does no damage.
The iguana bites you but does no damage.
The adder bites you but does no damage. The iguana barely misses you.
You shoot an arrow. The arrow barely misses the iguana.
The adder bites you but does no damage. The iguana misses you.
You shoot an arrow. The arrow hits the iguana.
The iguana is severely wounded.
The adder bites you. The iguana bites you.
The adder bites you but does no damage.
You shoot an arrow. The arrow closely misses the iguana.
The adder closely misses you. The iguana bites you!
The adder bites you but does no damage. The iguana closely misses you.
You shoot an arrow.
The arrow hits the iguana but does no damage.
The iguana is heavily wounded.
The adder bites you but does no damage. The iguana bites you.
The adder misses you.
You shoot an arrow. The arrow hits the iguana.
The iguana is severely wounded.
The adder bites you but does no damage.
The iguana bites you but does no damage.
The adder closely misses you.
You shoot an arrow.
The arrow hits the iguana but does no damage.
The iguana is severely wounded.
The iguana barely misses you. The adder bites you but does no damage.
The iguana bites you.
You shoot an arrow. The arrow closely misses the iguana.
The adder bites you but does no damage. The iguana barely misses you.
The adder closely misses you.
You shoot an arrow. The arrow barely misses the iguana.
The adder bites you but does no damage. The iguana bites you!
You die...

.#.......#......#
.#.......#......#
'###.....#......#######
.........'.....!'.....#
.........#......#####.#
...................##.#
.........#########.##.#
.........####.......#.#
...............S@#..#.#
.........####.##.l..#.#
.:..................#.###
.......(................#
....................#.#.#
..........).......<...#.#
.....)..............###.#
........................#
.........)..........###.#


You could see an iguana and an adder.

Vanquished Creatures
  2 adders
  3 gnolls (D:2)
  A dart slug (D:2)
  6 orcs
  6 ball pythons
  4 endoplasms
  A giant cockroach (D:3)
  8 goblins
  3 hobgoblins
  3 quokkas
  5 bats
  A frilled lizard (D:2)
  5 kobolds
  2 rats
50 creatures vanquished.

Notes
Turn   | Place    | Note
-------+----------+-------------------------------------------
     0 | D:1      | qw the Gargoyle Hunter began the quest for the Orb.
     0 | D:1      | Reached XP level 1. HP: 12/12 MP: 1/1
     0 | D:1      | 0 ||| qw: Version: 0.2-a-29-g511e9b1
     0 | D:1      | 0 ||| qw: Game counter: 5670
     0 | D:1      | 0 ||| qw: Always use a shield: true
     0 | D:1      | 0 ||| qw: God list: Okawaru
     0 | D:1      | 0 ||| qw: Allow faded altars: false
     0 | D:1      | 0 ||| qw: Do Orc after D:15 true
     0 | D:1      | 0 ||| qw: Do second Lair branch before Depths: true
     0 | D:1      | 0 ||| qw: Lair rune preference: random
     0 | D:1      | 0 ||| qw: Plans: Normal, Zot:1-4, Slime:5, God:TSO, Crypt,
                  | Tomb, Abyss, Pan, Hells, Win
     0 | D:1      | 0 ||| PLANNING D:1-11
    98 | D:1      | Reached XP level 2. HP: 13/17 MP: 2/2
   503 | D:1      | 503 ||| UPGRADING to +0 orcbow.
   504 | D:1      | 504 ||| DROPPING +0 shortbow.
   853 | D:1      | 853 ||| UPGRADING to +0 cloak.
   858 | D:1      | 858 ||| READING scroll labelled KOOXITS IMAMA.
   859 | D:1      | 859 ||| READING scroll labelled OKUSKU BEFU.
   860 | D:1      | 860 ||| READING scroll labelled IBLEOCLETHESU.
   861 | D:1      | 861 ||| DROPPING scroll of butterflies.
   975 | D:2      | Reached skill level 5 in Ranged Weapons
   975 | D:2      | Reached XP level 3. HP: 21/21 MP: 3/3
  1153 | D:2      | Reached skill level 3 in Fighting
  1216 | D:2      | Reached XP level 4. HP: 27/28 MP: 4/4
  1224 | D:2      | Found a faded altar of an unknown god.
  1549 | D:2      | 1549 ||| UPGRADING to +2 pair of gloves.
  1554 | D:2      | 1554 ||| UPGRADING to amulet of guardian spirit.
  1559 | D:2      | 1559 ||| READING scroll labelled VUAG XIRACW.
  1564 | D:2      | 1564 ||| READING scroll labelled HUOF OFFASHRUYM.
  1684 | D:3      | Reached skill level 1 in Armour
  1720 | D:3      | Found a hide-covered altar of Uskayaw.
  2121 | D:3      | Found a broken altar of Ashenzari.
  2230 | D:3      | 2230 ||| UPGRADING to +0 ring mail.
  2240 | D:3      | 2240 ||| DROPPING +0 leather armour.
  2241 | D:3      | 2241 ||| READING scroll labelled NEACRYOWKE.
  2242 | D:3      | 2242 ||| DRINKING 2 black potions.
  2281 | D:3      | 2281 ||| DRINKING 2 coppery potions.
  2284 | D:3      | 2284 ||| DROPPING potion of ambrosia.
  2299 | D:4      | 2299 ||| STAIRDANCE
  2307 | D:3      | HP: 7/28 [iguana (2)]
  2311 | D:3      | Slain by an iguana

Levels and vault maps discovered:
D:1:      amcnicky_arrival_single_pillar, layout_basic, serial_bayou,
          serial_bayou_ford_a, serial_bayou_shore_b, serial_bayou_pond_d,
          serial_bayou_pond_c, ebering_dispersal_statue_hall
D:2:      layout_basic, dreamdust_ecumenical_altar_statues
D:3:      layout_basic, general_overflow_altar, old_standard_altar
D:4:      layout_basic, overflow_temple_1_default, grunt_dithmenos_smoke,
          minmay_temple_entry_wispy, nicolae_elemental_shop,
          chequers_serial_rivers_micro_d, nicolae_specific_store

Skill      XL: |  1  2  3  4 |
---------------+-------------+-----
Ranged Weapons | 5 |  5.6
Fighting       | 3 |  3.0
Armour         | 1 |  1.0
Dodging        | |  1.5
Stealth        | |  1.1

Action                     |  1- 3 |  4- 6 || total
---------------------------+-------+-------++-------
   Fire: Shortbow          |    47 |       ||    47
         Orcbow            |    39 |    54 ||    93
    Use: Scroll            |     3 |     3 ||     6
         Potion            |       |     2 ||     2
 Armour: Leather armour    |    13 |     3 ||    16
         Ring mail         |       |    15 ||    15
  Dodge: Dodged            |    18 |    22 ||    40

Table legend:
 A = Non-vault XP
 B = Vault XP
 C = Vault XP percentage of total XP
 D = Non-vault monster count
 E = Vault monster count
 F = Vault count percentage of total count
                 A         B        C        D         E       F
            +---------+---------+-------+---------+---------+-------
      Total |     154 |       0 |   0.0 |      50 |       0 |   0.0
            +---------+---------+-------+---------+---------+-------
        D:1 |      28 |       0 |   0.0 |      18 |       0 |   0.0
        D:2 |      82 |       0 |   0.0 |      18 |       0 |   0.0
        D:3 |      39 |       0 |   0.0 |      12 |       0 |   0.0
        D:4 |       5 |       0 |   0.0 |       2 |       0 |   0.0
            +---------+---------+-------+---------+---------+-------
